 Dungeon Crawl Stone Soup version 0.31.0-11-ge490571c62 (webtiles) character file.

Game seed: 3969860309271068876

41 monsoonserge the Grasshopper (level 3, -6/18 HPs)
             Began as a Spriggan Warper on Feb 2, 2024.
             Killed from afar by Natasha (9 damage)
             ... with a magic dart
             ... on level 3 of the Dungeon.
             The game lasted 00:03:42 (1557 turns).

monsoonserge the Grasshopper (Spriggan Warper)      Turns: 1557, Time: 00:03:43

Health: -6/18      AC:  2    Str:  7    XL:     3   Next: 32%
Magic:  4/8        EV: 18    Int: 16    God:
Gold:   16         SH:  0    Dex: 14    Spells: 2/7 levels left

rFire   . . .        a - +0 short sword
rCold   . . .        (no shield)
rNeg    . . .        b - +0 robe
rPois   .            (helmet restricted)
rElec   .            (no cloak)
rCorr   .            (gloves unavailable)
SInv    +            (boots unavailable)
Will    .....        (no amulet)
Stlth   ++           (no ring)
HPRegen 0.23/turn    (no ring)
MPRegen 0.11/turn

%: no passive effects
@: on blink cooldown, very slightly contaminated, very quick
A: very small, no large weapons, unfitting armour, see invisible, speed 3
a: no special abilities


You were on level 3 of the Dungeon.
You visited 1 branch of the dungeon, and saw 3 of its levels.

You collected 112 gold pieces.
You spent 96 gold pieces at shops.

Inventory:

Hand Weapons
 a - a +0 short sword (weapon)
Missiles
 d - 7 darts of dispersal (quivered)
Armour
 b - a +0 robe (worn)
Talismans
 p - a maw talisman
Scrolls
 c - 2 scrolls of blinking
 e - 2 scrolls of poison {unknown}
 f - 7 scrolls of identify {unknown}
 g - 2 scrolls of revelation {unknown}
 h - a scroll of teleportation {unknown}
 i - a scroll of fear {unknown}
 o - a scroll of amnesia {unknown}
Potions
 j - a potion of cancellation {unknown}
 k - 2 potions of invisibility
 l - 2 potions of heal wounds {unknown}
 m - a potion of ambrosia {unknown}
 n - a potion of haste {unknown}


   Skills:
 + Level 1.7 Fighting
 + Level 2.6 Short Blades
 + Level 1.0 Throwing
 + Level 4.0 Dodging
 + Level 0.6 Stealth
 + Level 2.9 Spellcasting
 + Level 5.0 Translocations


You had 2 spell levels left.
You knew the following spells:

 Your Spells              Type           Power      Damage    Failure   Level
a - Blink                 Tloc           36%        N/A       3%          2
b - Mephitic Cloud        Conj/Alch/Air  2%         N/A       50%         3

Your spell library contained the following spells:

 Spells                   Type           Power      Damage    Failure   Level
 Lesser Beckoning         Tloc           36%        N/A       3%          2
 Teleport Other           Tloc           18%        N/A       7%          3
 Manifold Assault         Tloc           18%        N/A       24%         4
 Dazzling Flash           Conj/Hex       4%         N/A       50%         3
 Vhi's Electric Charge    Tloc/Air       20%        N/A       54%         4
 Curse of Agony           Necr           2%         N/A       99%         5
 Silence                  Hex/Air        1%         N/A       99%         5


Dungeon Overview and Level Annotations

Branches:
Dungeon (3/15)

Altars:

Shops:
D:2 !   D:3 :

Annotations:
D:3 Natasha


Innate Abilities, Weirdness & Mutations

You are very small and have problems with some larger weapons.
You are too small for most types of armour.
You have supernaturally acute eyesight. (SInv)
You cover ground extremely quickly. (Speed+++)


Message History

There is a stone staircase leading up here.
n - a yellow potion
There are no items here.
You open the door.
Found Irpholelil's Book Boutique.
There is an open door here.
There is an entrance to Irpholelil's Book Boutique here.
You open the door.
Found a scroll labelled REWUMA JISINU.
There is an open door here.
o - a scroll labelled REWUMA JISINU
There is an open door here.
You open the door.
There is an open door here.
Found a maw talisman.
You now have 16 gold pieces (gained 7).
There are no items here.
Natasha, Servant of Life and Death comes into view.
Natasha hisses angrily.
You see here a maw talisman.
p - a maw talisman Natasha casts a spell at you.
The magic dart hits you!
Ouch! That really hurt!
You hit Natasha but do no damage. You barely miss Natasha. Natasha claws you.
* * * LOW HITPOINT WARNING * * *
Unknown command.
Cast which spell? (? or * to list)
You miscast Blink.
You are very lightly contaminated with residual magic.
Nothing appears to happen.
Natasha misses you.
Casting: Blink (safe; 3% risk of failure)
Confirm with . or Enter, or press ? or * to list all spells.
You blink.
Natasha stares at you and mumbles some strange words.
The magic dart hits you!
Ouch! That really hurt!
You die...
Natasha curls up and begins to purr.

##..'∩'.# #####...+'+##
#..........# ..###.....##
#####..<## ####...##.##
.......##.#
####...##.########
.#.######@................
..................########
.#.###..#.........#
#.........##.#
#...###...##.#
#.h.###...##.#
#....###.###.# #.#..# #.#
#.# #.#..# .#


You could see Natasha.

Vanquished Creatures
  An adder (D:2)
  5 bats
  An endoplasm (D:1)
  A giant cockroach (D:2)
  2 goblins
  5 hobgoblins
  A quokka (D:2)
  2 ball pythons
  3 frilled lizards
  4 kobolds (D:1)
  6 rats
31 creatures vanquished.

Notes
Turn   | Place    | Note
-------+----------+-------------------------------------------
     0 | D:1      | monsoonserge the Spriggan Warper began the quest for the
                  | Orb.
     0 | D:1      | Reached XP level 1. HP: 10/10 MP: 5/5
   402 | D:1      | Reached XP level 2. HP: 14/14 MP: 6/6
   418 | D:1      | Learned a level 2 spell: Blink
   949 | D:2      | Reached skill level 5 in Translocations
  1041 | D:2      | Found Ifroyr's Distillery.
  1088 | D:2      | Reached XP level 3. HP: 11/18 MP: 8/8
  1092 | D:2      | Learned a level 3 spell: Mephitic Cloud
  1495 | D:2      | Bought a potion of invisibility for 96 gold pieces
  1519 | D:3      | Found Irpholelil's Book Boutique.
  1548 | D:3      | Noticed Natasha
  1557 | D:3      | Killed from afar by Natasha

Illustrated notes

Levels and vault maps discovered:
D:1:      dpeg_arrival_fog, layout_basic, hangedman_abyss_or_decor_lesser_grid
D:2:      layout_basic, serial_shops, nicolae_shop_competitors_out_of_business
D:3:      layout_loops_ring, serial_shops, nicolae_shop_tiny_real_fake_doors,
          grunt_ministairs_8, uniq_grinder, uniq_natasha

Skill      XL: |  1  2  3 |
---------------+----------+-----
Translocations | 5 |  5.0
Dodging        | 4 |  4.0
Fighting       | |  1.7
Short Blades   | |  2.6
Throwing       | |  1.0
Stealth        | |  0.6
Spellcasting   | |  2.9

Action                     || total
---------------------------++-------
  Melee: Short sword       ||   142
         Punch             ||     1
   Cast: Blink             ||     1
   Stab: Sleeping          ||     3
 Armour: Robe              ||    43
  Dodge: Dodged            ||   107
